 Dungeon Crawl Stone Soup version 0.31-a0-435-g2c6fae2916 (webtiles) character file.

Game seed: 16656326815335151515

261 Ethylacetat the Insei (level 6, -9/33 HPs)
             Began as a Vine Stalker Monk on Aug 1, 2023.
             Mangled by an ogre
             ... wielding a +0 giant club
              (18 damage)
             ... on level 3 of the Dungeon.
             The game lasted 00:02:26 (1770 turns).

Ethylacetat the Insei (Vine Stalker Monk)           Turns: 1770, Time: 00:02:26

Health: -9/33      AC:  6    Str: 13    XL:     6   Next: 18%
Magic:  0/10       EV: 10    Int: 10    God:
Gold:   62         SH:  0    Dex: 25    Spells: 10/10 levels left

rFire   . . .        m - +5 whip
rCold   . . .        c - orb {light}
rNeg    . . .        i - +0 scale mail
rPois   .            (no helmet)
rElec   .            (no cloak)
rCorr   .            (no gloves)
SInv    .            (no boots)
Will    .....        k - amulet of magic regeneration
Stlth   +            o - +6 ring of dexterity
HPRegen 1.05/turn    q - +4 ring of slaying
MPRegen 0.52/turn

%: guardian spirit
@: glowing
A: fangs 2, regeneration 1, magic shield, antimagic bite, no potion heal 2
a: no special abilities


You were on level 3 of the Dungeon.
You visited 1 branch of the dungeon, and saw 3 of its levels.

You collected 62 gold pieces.

Inventory:

Hand Weapons
 m - a +5 whip (weapon)
Armour
 c - an orb of light (worn)
 i - a +0 scale mail (worn)
Jewellery
 k - an amulet of magic regeneration (around neck)
 n - a ring of protection from fire
 o - a +6 ring of dexterity (left hand)
 q - a +4 ring of slaying (right hand)
Scrolls
 a - 2 scrolls of teleportation {unknown}
 d - a scroll of immolation {unknown}
 e - 2 scrolls of torment {unknown}
 f - a scroll of vulnerability {unknown}
 g - a scroll of enchant armour {unknown}
 h - 5 scrolls of identify {unknown}
 j - a scroll of enchant weapon {unknown}
 p - a scroll of amnesia {unknown}
Potions
 b - a potion of ambrosia
 l - a potion of heal wounds {unknown}
 r - a potion of enlightenment {unknown}


   Skills:
 + Level 3.8 Fighting
 - Level 2.4 Dodging
 * Level 5.2 Unarmed Combat
 + Level 2.6 Spellcasting


You had 10 spell levels left.
You didn't know any spells.
Your spell library was empty.

Dungeon Overview and Level Annotations

Branches:
Dungeon (3/15)

Altars:


Innate Abilities, Weirdness & Mutations

You have extremely sharp teeth.
Your natural rate of healing is unusually fast.
When hurt, damage is shared between your health and your magic reserves.
Your bite disrupts and absorbs the magic of your enemies.
Potions cannot restore your health.


Message History

No target in view!
A rat comes into view.
A hound comes into view.
The hound barks!
The rat bites you but does no damage.
There are monsters nearby!
You whack the rat!
You kill the rat!
You see here a rat corpse.
You whack the hound! You bite the hound. You drain its power.
The hound is almost dead.
The hound bites you. x2
You whack the hound!
You kill the hound!
You have reached level 6!
An adder comes into view.
The adder hisses angrily.
An adder is nearby!
The adder closely misses you.
You whack the adder!
You kill the adder!
No target in view!
No target in view!
An ogre comes into view. It is wielding a +0 giant club.
Found a stone staircase leading down.
The ogre shouts!
An ogre is nearby!
An ogre is nearby!
The ogre hits you with a +0 giant club!!
Ouch! That really hurt!
* * * LOW HITPOINT WARNING * * *
An ogre is nearby!
You are too injured to fight recklessly!
You are too injured to fight recklessly!
You are too injured to fight recklessly!
You hit the ogre. You bite the ogre. You drain its power.
You feel invigorated.
The ogre is moderately wounded.
The ogre hits you with a +0 giant club!!
Ouch! That really hurt!
You die...

#...###..##.##.####.##
#.#.###..##.##.......#
###..###.##.##.####.##
##<# #.##.##.####.#
#.# #.##....#....# #.#
#.# ###.#.#### #...
#...# .....>#####.###
....#..O@...#
....######### .....#


You could see an ogre.

Vanquished Creatures
  Sigmund (D:2)
  A hound (D:3)
  2 adders
  2 dart slugs (D:1)
  6 ball pythons
  4 endoplasms (D:1)
  A giant cockroach (D:3)
  5 goblins
  A hobgoblin (D:2)
  4 jackals (D:2)
  6 kobolds
  A quokka (D:2)
  8 bats
  4 frilled lizards
  4 rats
50 creatures vanquished.

Notes
Turn   | Place    | Note
-------+----------+-------------------------------------------
     0 | D:1      | Ethylacetat the Vine Stalker Monk began the quest for the
                  | Orb.
     0 | D:1      | Reached XP level 1. HP: 11/11 MP: 2/2
    76 | D:1      | Reached XP level 2. HP: 15/16 MP: 3/3
    95 | D:1      | Found a faded altar of an unknown god.
   574 | D:1      | Reached XP level 3. HP: 16/20 MP: 5/5
   584 | D:1      | Reached skill level 1 in Spellcasting
  1089 | D:2      | Noticed Sigmund
  1106 | D:2      | Killed Sigmund
  1107 | D:2      | Reached skill level 5 in Unarmed Combat
  1107 | D:2      | Gained mutation: Your natural rate of healing is unusually
                  | fast. [Vine Stalker growth]
  1107 | D:2      | Reached XP level 4. HP: 12/25 MP: 5/8
  1107 | D:2      | Reached XP level 5. HP: 13/28 MP: 5/9
  1727 | D:3      | Reached XP level 6. HP: 33/33 MP: 7/10
  1770 | D:3      | Mangled by an ogre

Illustrated notes

Levels and vault maps discovered:
D:1:      ncdulo_watergridlock, layout_basic, shapermc_ecumenical_altar_gd
D:2:      layout_loops_ring, serial_rivers, chequers_serial_rivers_small_3,
          chequers_serial_rivers_micro_e, chequers_serial_rivers_small_b,
          chequers_serial_rivers_micro_c, chequers_serial_rivers_large_a,
          uniq_sigmund
D:3:      layout_basic, mainiacjoe_overflow_alcove_1, grunt_qazlal_clouds

Skill      XL: |  1  2  3 |
---------------+----------+-----
Fighting       | 3 |  3.8
Spellcasting   | 2 |  2.6
Unarmed Combat | 5 |  5.2
Dodging        | |  2.4

Action                     |  1- 3 |  4- 6 || total
---------------------------+-------+-------++-------
  Melee: Unarmed           |   105 |       ||   105
         Bite              |    25 |     4 ||    29
         Whip              |       |    14 ||    14
 Armour: Robe              |     6 |       ||     6
         Scale mail        |    25 |     4 ||    29
  Dodge: Dodged            |    60 |     4 ||    64

Table legend: (Time is in decaauts)
 A = Elapsed time spent in this place.
 B = Non-inter-level travel time spent in this place.
 C = Inter-level travel time spent in this place.
 D = Time resting spent in this place.
 E = Time spent auto-exploring this place.
 F = Levels seen in this place.
 G = Mean time per level.
                   A        B        C        D        E       F      G
               +--------+--------+--------+--------+--------+-----+--------+
         Total |   1776 |   1714 |     62 |      0 |   1419 |   3 |  592.0 |
       Dungeon |   1776 |   1714 |     62 |      0 |   1419 |   3 |  592.0 |
               +--------+--------+--------+--------+--------+-----+--------+

Top non-repeatable levels by time:
     D:1: 906 daAuts
     D:2: 813 daAuts
     D:3: 56 daAuts
